 Dungeon Crawl Stone Soup version 0.29.1-4-g47bece8355 (webtiles) character file.

Game seed: 5872536150596233238

112 Descartes the Magician (level 4, 0/24 HPs)
             Began as a Deep Elf Fire Elementalist on Dec 11, 2022.
             Slain by Sigmund
             ... wielding a +0 scythe
              (7 damage)
             ... on level 3 of the Dungeon.
             The game lasted 00:05:09 (2937 turns).

Descartes the Magician (Deep Elf Fire Elementalist) Turns: 2937, Time: 00:05:09

Health: 0/24       AC:  3    Str:  5    XL:     4   Next: 63%
Magic:  5/11       EV: 13    Int: 22    God:
Gold:   141        SH:  0    Dex: 15    Spells: 7/10 levels left

rFire   . . .      SeeInvis .   e - +0 dagger (protect)
rCold   . . .      Faith    .   (no shield)
rNeg    . . .      Spirit   .   a - +0 robe
rPois   .          Reflect  .   l - +0 hat
rElec   .          Harm     .   (no cloak)
rCorr   .          Rampage  .   (no gloves)
Will    .....                   m - +0 pair of boots
Stlth   ++........              r - amulet of regeneration
HPRegen 0.88/turn               (no ring)
MPRegen 0.12/turn               (no ring)

@: very slightly contaminated
A: no striking features
a: no special abilities


You were on level 3 of the Dungeon.
You visited 1 branch of the dungeon, and saw 3 of its levels.

You collected 141 gold pieces.

Inventory:

Hand Weapons
 e - a +0 dagger of protection (weapon)
Missiles
 k - 3 poisoned darts
Armour
 a - a +0 robe (worn)
 l - a +0 hat (worn)
 m - a +0 pair of boots (worn)
Jewellery
 c - an amulet of reflection
 g - an amulet of guardian spirit
 r - an amulet of regeneration (around neck)
Scrolls
 d - 4 scrolls of fear
 f - 2 scrolls of teleportation
 i - a scroll of noise
Potions
 b - a potion of magic
 h - a potion of lignification {unknown}
 j - 2 potions of mutation {unknown}
 n - a potion of curing {unknown}
 o - a potion of berserk rage {unknown}
 p - 2 potions of cancellation {unknown}
 q - a potion of haste


   Skills:
 + Level 3.4 Dodging
 + Level 3.6 Stealth
 + Level 3.9 Spellcasting
 + Level 2.3 Conjurations
 + Level 3.9 Fire Magic


You had 7 spell levels left.
You knew the following spells:

 Your Spells              Type           Power      Damage    Failure   Level
a - Foxfire               Conj/Fire      72%        2x1d7     3%          1
b - Scorch                Fire           42%        2d7       3%          2

Your spell library contained the following spells:

 Spells                   Type           Power      Damage    Failure   Level
 Conjure Flame            Conj/Fire      18%        6-21      10%         3
 Inner Flame              Hex/Fire       13%        N/A       16%         3
 Sublimation of Blood     Necr           4%         N/A       17%         2
 Flame Wave               Conj/Fire      18%        2d7       30%         4
 Petrify                  Tmut/Erth      4%         N/A       75%         4
 Irradiate                Conj/Tmut      4%         3d13      88%         5


Dungeon Overview and Level Annotations

Branches:
Dungeon (3/15)

Altars:

Shops:
D:2 [

Annotations:
D:3 3 runed translucent doors, Sigmund; Xenoroth98's ghost, amateur OgBe; kalagan's ghost, amateur DECj


Message History

You conjure some foxfire!
Sigmund hits you from afar with a +0 scythe.
The giant cockroach bites you but does no damage.
Casting: Foxfire (safe; 3% risk of failure)
Confirm with . or Enter, or press ? or * to list all spells.
You miscast Foxfire.
Nothing appears to happen.
The foxfire hits the giant cockroach.
The giant cockroach is severely wounded.
The foxfire hits the giant cockroach.
The giant cockroach is heavily wounded.
The giant cockroach is engulfed in a cloud of scalding steam.
You kill the giant cockroach!
Sigmund hits you from afar with a +0 scythe.
The giant cockroach misses you.
Unknown command.
Casting: Foxfire (safe; 3% risk of failure)
Confirm with . or Enter, or press ? or * to list all spells.
You conjure some foxfire!
You are engulfed in a cloud of scalding steam.
The giant cockroach is engulfed in a cloud of scalding steam.
You kill the giant cockroach!
Sigmund barely misses you.
Casting: Foxfire (safe; 3% risk of failure)
Confirm with . or Enter, or press ? or * to list all spells.
You conjure some foxfire!
You are engulfed in a cloud of scalding steam.
* * * LOW HITPOINT WARNING * * *
The foxfire hits Sigmund.
Sigmund is heavily wounded.
The foxfire hits Sigmund but does no damage.
Sigmund is heavily wounded.
Sigmund completely misses you.
Casting: Foxfire (safe; 3% risk of failure)
Confirm with . or Enter, or press ? or * to list all spells.
You miscast Foxfire.
Nothing appears to happen.
The foxfire hits Sigmund.
Sigmund is severely wounded.
The foxfire hits Sigmund.
Sigmund is severely wounded.
Sigmund hits you from afar with a +0 scythe!
You die...

#### # ..... .#
.....#########..#
....#~.≈≈≈§≈≈~~#
#####~..~@~@§~~#
......~~########
#####...# #.#
#...# #.# #...#
#.# #...###.#
#.......#
#.#.##### #.#.#


You could see Sigmund (fast).

Vanquished Creatures
  3 gnolls (D:3)
  2 adders (D:2)
  4 worms (D:2)
  7 endoplasms
  5 giant cockroaches
  2 goblins (D:1)
  2 hobgoblins
  6 kobolds
  2 quokkas (D:1)
  6 ball pythons
  6 bats
  3 frilled lizards
  3 rats
  A toadstool (D:1)
52 creatures vanquished.

Vanquished Creatures (others)
  269 foxfires
  3 toadstools (D:1)
  6 withered plants (D:3)
278 creatures vanquished.

Grand Total: 330 creatures vanquished

Notes
Turn   | Place    | Note
-------+----------+-------------------------------------------
     0 | D:1      | Descartes the Deep Elf Fire Elementalist began the quest
                  | for the Orb.
     0 | D:1      | Reached XP level 1. HP: 10/10 MP: 6/6
   318 | D:1      | Reached XP level 2. HP: 15/15 MP: 4/8
  1571 | D:2      | Reached XP level 3. HP: 19/19 MP: 5/10
  2161 | D:2      | Reached XP level 4. HP: 24/24 MP: 6/11
  2221 | D:2      | Learned a level 2 spell: Scorch
  2357 | D:2      | Found Resyso's Armour Shop.
  2422 | D:2      | Noticed a floating eye
  2425 | D:2      | Noticed a golden eye
  2427 | D:2      | Found a faded altar of an unknown god.
  2445 | D:2      | Noticed a shining eye
  2445 | D:2      | Noticed a golden eye
  2790 | D:3      | Found a runed translucent gate.
  2794 | D:3      | Found a runed translucent gate.
  2795 | D:3      | Found a runed translucent gate.
  2797 | D:3      | Noticed Xenoroth98's ghost (amateur OgBe)
  2797 | D:3      | Noticed kalagan's ghost (amateur DECj)
  2921 | D:3      | Noticed Sigmund
  2937 | D:3      | Slain by Sigmund

Illustrated notes

Levels and vault maps discovered:
D:1:      ldierk_water_garden, layout_loops_corners, hangedman_decor_growths
D:2:      layout_basic, hellmonk_ecumenical_altar_watching_god, serial_shops,
          shop
D:3:      layout_basic, serial_shops, nicolae_shop_hallway_stairs,
          gup_sewer_entry_pipe, gammafunk_ghost_cemetery, uniq_jessica,
          uniq_sigmund

Skill      XL: |  1  2  3 |
---------------+----------+-----
Stealth        | 3 |  3.6
Dodging        | 3 |  3.4
Conjurations   | 2 |  2.3
Spellcasting   | |  3.9
Fire Magic     | |  3.9

Action                   |  1- 3 |  4- 6 || total
-------------------------+-------+-------++-------
Melee: Unarmed           |     8 |       ||     8
 Cast: Foxfire           |   109 |    43 ||   152
  Use: Scroll            |       |     6 ||     6
Armor: Robe              |       |     4 ||     4
Dodge: Dodged            |     6 |    14 ||    20
Block: Other             |     1 |     5 ||     6
